 Dungeon Crawl Stone Soup version 0.28-a0-655-g4eb62b627b (webtiles) character file.

Game seed: 12500360136143474648

239168 lawman0 the Executioner (level 19, -4/246 HPs)
             Began as a Palentonga Berserker on Oct 12, 2021.
             Was the Champion of Trog.
             Slain by an orc knight (13 damage)
             ... on level 2 of the Vaults on Oct 13, 2021.
             The game lasted 01:08:43 (38837 turns).

lawman0 the Executioner (Palentonga Berserker)     Turns: 38837, Time: 01:08:44

Health: -4/246     AC: 42    Str: 27    XL:     19   Next: 1%
Magic:  0/19       EV:  5    Int:  9    God:    Trog [******]
Gold:   967        SH:  0    Dex: 10    Spells: 18/18 levels left

rFire   + . .      SeeInvis +   a - +7 battleaxe of Punishment {vorpal, *Noise rC+ Will++ Stlth+}
rCold   + . .      Faith    .   (shield currently unavailable)
rNeg    + + +      Spirit   +   K - +2 plate armour {rC+}
rPois   +          Reflect  .   T - +2 helmet {SInv}
rElec   .          Harm     .   P - +2 cloak
rCorr   .          Rampage  .   M - +0 pair of gloves {archery}
Will    +++..                   L - +1 barding
Stlth   ..........              u - amulet "Umudghek" {Spirit rPois Dex+2}
HPRegen 0.51/turn               F - ring of Erchew {Fire *Slow +Blink rN+++ Dex-2}
MPRegen 0.16/turn               e - +4 ring of protection

@: berserking (expiring), marked, curled up, very quick
A: large, rugged brown scales 3, see invisible, deformed body, roll 1, armoured
tail, reflexive curl
}: 1/15 runes: gossamer
a: Rolling Charge, Renounce Religion, Evoke Blink, Berserk, Trog's Hand,
Brothers in Arms


You were on level 2 of the Vaults.
You worshipped Trog.
Trog was exalted by your worship.
You visited 7 branches of the dungeon, and saw 31 of its levels.
You visited the Abyss 1 time.
You also visited: Gauntlet.

You collected 2506 gold pieces.
You spent 1539 gold pieces at shops.

Inventory:

Hand Weapons
 a - the +7 battleaxe of Punishment (weapon) {vorpal, *Noise rC+ Will++ Stlth+}
   (Trog gifted it to you on level 4 of the Spider Nest)

   It inflicts extra damage upon your enemies.
   rC:        It protects you from cold.
   *Noise:    It may make noises in combat.
   Will:      It greatly increases your willpower.
   Stlth:     It makes you more stealthy.
 b - a +3 arbalest
Missiles
 c - 4 throwing nets
 h - 344 bolts
Armour
 K - a +2 plate armour of cold resistance (worn)
 L - a +1 barding (worn)
 M - a +0 pair of gloves of archery (worn)
 P - a +2 cloak (worn)
 T - a +2 helmet of see invisible (worn)
Jewellery
 d - a ring of willpower
 e - a +4 ring of protection (right hand)
 u - the amulet "Umudghek" (around neck) {Spirit rPois Dex+2}
   (You acquired it on level 6 of the Lair of Beasts)

   [amulet of guardian spirit]

   It causes incoming damage to be divided between your reserves of health and
   magic.
   Dex:       It affects your dexterity (+2).
   rPois:     It protects you from poison.
 F - the ring of Erchew (left hand) {Fire *Slow +Blink rN+++ Dex-2}
   (You found it in a Gauntlet)

   [ring of fire]

   It enhances your fire magic.
   Dex:       It affects your dexterity (-2).
   rF:        It protects you from fire.
   rC:        It makes you vulnerable to cold.
   rN:        It renders you almost immune to negative energy.
   +Blink:    It lets you blink.
   *Slow:     It may slow you when you take damage.
 G - a ring of flight
 I - a ring of willpower
 Q - the ring "Viotoa" {rPois rC+ Int+5}
   (You found it on level 14 of the Dungeon)

   [ring of protection from cold]

   Int:       It affects your intelligence (+5).
   rC:        It protects you from cold.
   rPois:     It protects you from poison.
Wands
 i - a wand of acid (7)
 o - a wand of charming (14)
 v - a wand of paralysis (3)
 y - a wand of polymorph (14)
 C - a wand of iceblast (10)
 D - a wand of flame (10)
 E - a wand of digging (25)
 H - a wand of mindburst (17)
Scrolls
 f - a scroll of summoning
 g - 3 scrolls of fear
 k - 2 scrolls of enchant armour
 n - 6 scrolls of fog
 r - 5 scrolls of identify
 x - 2 scrolls of immolation
 O - 4 scrolls of teleportation
 S - a scroll of holy word
Potions
 j - a potion of might
 l - 7 potions of lignification
 m - 10 potions of curing
 p - a potion of invisibility
 q - a potion of attraction
 s - 3 potions of magic
 t - 6 potions of flight
 w - 5 potions of ambrosia
 z - 6 potions of haste
 A - 6 potions of heal wounds
 B - 2 potions of cancellation
 J - 4 potions of mutation


   Skills:
 + Level 14.9 Fighting
 + Level 24.4 Axes
 * Level 6.4 Crossbows
 + Level 12.5 Armour
 + Level 3.8 Dodging
 - Level 1.4 Shields
 + Level 3.9 Evocations


You had 18 spell levels left.
You didn't know any spells.
Your spell library was empty.

Dungeon Overview and Level Annotations

Branches:
Dungeon (15/15)            Temple (0/1) D:7            Lair (6/6) D:11
  Swamp (1/4) Lair:4       Spider (4/4) Lair:3        Slime (0/5) Lair:6
    Orc (2/2) D:11            Elf (0/3) Orc:2        Vaults (2/5) D:13
 Depths (1/4) D:15        Gauntlet (visited)
  Crypt: Vaults:2-3

Altars:
Ashenzari
Hepliaklqana
Kikubaaqudgha
Nemelex Xobeh
Okawaru
Qazlal
Ru
Sif Muna
Yredelemnul
The Shining One
Jiyva

Shops:
D:3 ?   D:11 [   Orc:1 *   Orc:2 *:?:=[[(=

Annotations:
Swamp:1 Nikola


Innate Abilities, Weirdness & Mutations

You are completely covered in rugged brown scales. (AC +3, +7% HP)
You have supernaturally acute eyesight. (SInv)
Armour fits poorly on your strangely shaped body.
You can roll at nearby foes to attack.
You have a long armoured tail.
You curl defensively after being hit.


Message History

You slice the wizard!! The wizard hits you but does no damage.
You are too berserk!
You slice the orc knight!! You tail-slap the orc knight.
The orc knight is severely wounded.
You slash the wizard!
You kill the wizard!
Trog accepts your kill.
Trog appreciates your killing of a magic user.
You kill the ironbound preserver!
Trog accepts your kill. Trog grants you a weapon!
Something appears at your feet!
You see here the +8 battleaxe of Insufficient Pleasure {vorpal, rF++ rC- SInv}.
Trog appreciates your killing of a magic user.
The orc knight hits you with a +0 long sword!
* * * LOW HITPOINT WARNING * * *
You have reached level 19!
You slice the orc knight!!
You kill the orc knight!
Trog accepts your kill.
The vault warden activates a sealing rune.
A door slams shut!
Things that are here:
a +0 long sword; a +0 chain mail; an orc corpse You slice the vault warden!!
The vault warden is moderately wounded.
You closely miss the orc knight.
The vault sentinel blows a loud note on a signal horn!
You slash the vault warden!
Your tail-slap misses the vault warden.
The vault warden is heavily wounded.
You completely miss the orc knight.
The vault warden hits you with a +3 glaive!!
* * * LOW HITPOINT WARNING * * *
You closely miss the vault warden.
Your tail-slap misses the vault warden.
The vault warden is heavily wounded.
You slice the orc knight!!
You kill the orc knight!
Trog accepts your kill.
The orc knight hits you from afar with a +2 vorpal glaive!
You die...

.........# ..#####..#
#. .........# #p#.
.........# #p#G#
###...#### #Y#p#
##'############ #Y#.#
#.............##o#.#.#
#.............#p)Y#.#
#.............+@)..#
#.............#)..#...#
#.............##### #
#.............#
#.............#
#####+#+####+##


You could see 3 dire elephants, 2 vault wardens, a vault guard, an orc knight
(strong), a great orb of eyes and a vault sentinel (catching breath).

Vanquished Creatures
  Saint Roka (Vaults:1)
  Arachne (Spider:4)
  A sphinx (Depths:1)
  Donald (Spider:2)
  5 ghost moths (Spider:4)
  2 orc warlords
  3 vault wardens
  9 emperor scorpions
  8 very ugly things
  A stone giant (Depths:1)
  4 ironbound preservers
  3 dire elephants
  A minotaur (Gauntlet)
  Nessos (Lair:4)
  4 entropy weavers
  3 spark wasps
  2 bunyips (Swamp:1)
  Snorg (D:14)
  A fire dragon (D:14)
  A great orb of eyes (Depths:1)
  2 yaktaur captains (Vaults:1)
  Harold (Orc:1)
  3 vault guards (Vaults:1)
  2 catoblepae
  An ironbound thunderhulk (Vaults:1)
  3 boulder beetles
  2 centaur warriors (D:14)
  A rakshasa (D:15)
  2 hydras
  6 ironbound frosthearts
  2 deep troll shamans
  2 dancing weapons (D:13)
  A two-headed ogre (D:10)
  An alligator (Swamp:1)
  14 death yaks
  A deep troll earth mage (Depths:1)
  2 spriggan berserkers (D:15)
  4 orc high priests (Orc:2)
  A deep elf knight (Spider:1)
  A sixfirhy (Abyss:2)
  A goliath frog (Swamp:1)
  12 deep trolls
  3 starcursed masses (Abyss:2)
  5 wizards
  A swamp dragon (Swamp:1)
  A deep elf archer (Spider:1)
  7 orc knights
  2 ironbound convokers (Vaults:1)
  A lindwurm (Lair:6)
  17 orb spiders
  Pikel (D:4)
  5 deep elf pyromancers
  2 necromancers
  26 wolf spiders
  5 orc sorcerers
  A deep elf zephyrmancer (D:15)
  7 cyclopes
  21 ugly things
  4 manticores
  4 elephants (Lair:6)
  A torpor snail (Lair:6)
  7 vault sentinels
  A frost giant skeleton (Vaults:1)
  A smoke demon (Abyss:2)
  3 black mambas
  6 cane toads
  A kobold demonologist (D:13)
  2 minotaur zombies (Gauntlet)
  5 yaktaurs (Vaults:1)
  4 rime drakes
  Psyche (D:9)
  7 komodo dragons
  A human zombie (Vaults:1)
  18 demonic crawlers
  A yaktaur skeleton (Vaults:1)
  26 jumping spiders
  3 burning bushes (Lair:2)
  9 trolls
  3 polar bears
  3 meliai
  7 hornets
  8 dream sheep (Lair:6)
  A raiju (Spider:1)
  23 slime creatures
  15 blink frogs
  An elf zombie (Vaults:1)
  4 wyverns
  5 spriggans
  4 shadows
  67 redbacks
  23 tarantellas
  2 wraiths
  29 yaks
  Grum (D:8)
  2 vampires
  2 steam dragons
  9 basilisks
  3 large abominations (Gauntlet)
  An ogre zombie (Vaults:1)
  3 wargs
  2 acid dragons
  15 water moccasins
  23 orc warriors
  A swamp drake (Lair:4)
  A necrophage (D:3)
  5 black bears
  A sky beast (D:6)
  24 wolves
  14 centaurs
  3 boggarts (D:13)
  5 ogres
  A lemure (D:4)
  A kobold brigand (D:6)
  3 phantoms
  4 small abominations (Gauntlet)
  7 bullfrogs
  4 scorpions
  A water moccasin skeleton (D:6)
  3 killer bees (D:10)
  5 howler monkeys
  4 electric eels
  A crimson imp (Spider:3)
  A bullfrog zombie (D:6)
  7 centaur zombies
  2 gnoll shamans (D:8)
  2 hounds
  4 jellies
  4 centaur skeletons
  12 orc priests
  A bullfrog skeleton (D:6)
  Ijyb (D:4)
  4 iguanas
  8 orc wizards
  5 hell rats (Lair:6)
  2 killer bee zombies
  A hound skeleton (D:5)
  8 gnolls (D:8)
  4 adders (D:6)
  A shadow imp (D:6)
  3 white imps (Gauntlet)
  An adder skeleton (D:4)
  A worm (D:3)
  4 dart slugs
  60 orcs
  9 endoplasms
  2 giant cockroaches
  5 goblins
  5 hobgoblins
  A quokka (D:5)
  6 ball pythons
  4 bats
  A frilled lizard (D:2)
  9 kobolds
  5 rats
855 creatures vanquished.

Vanquished Creatures (collateral kills)
  An orc high priest (Orc:2)
  An orc sorcerer (Orc:2)
  Maurice (Orc:2)
  A troll (Orc:2)
  An orc warrior (Orc:2)
  An ogre (Orc:2)
  An orc priest (Orc:2)
  An orc (Orc:2)
8 creatures vanquished.

Vanquished Creatures (others)
  A wolf spider (Spider:3)
  A jumping spider (Spider:2)
  A gnoll (D:8)
  45 fungi
  43 plants
91 creatures vanquished.

Grand Total: 954 creatures vanquished

Notes
Turn   | Place    | Note
-------+----------+-------------------------------------------
     0 | D:1      | lawman0 the Palentonga Berserker began the quest for the
                  | Orb.
     0 | D:1      | Reached XP level 1. HP: 19/19 MP: 1/1
   228 | D:1      | Reached XP level 2. HP: 25/25 MP: 2/2
   511 | D:1      | Found a faded altar of an unknown god.
  1283 | D:2      | Reached ** piety under Trog
  1284 | D:2      | Reached XP level 3. HP: 31/31 MP: 3/3
  1687 | D:3      | Found Siukkea's Magic Scroll Boutique.
  1693 | D:3      | Reached skill level 4 in Axes
  1711 | D:3      | Bought 2 scrolls of identify for 48 gold pieces
  1711 | D:3      | Bought a scroll of noise for 12 gold pieces
  1711 | D:3      | Bought a scroll of fog for 24 gold pieces
  1759 | D:3      | Noticed a necrophage
  1768 | D:3      | Killed a necrophage
  1769 | D:3      | Reached XP level 4. HP: 39/39 MP: 4/4
  1769 | D:3      | Reached XP level 5. HP: 44/44 MP: 5/5
  1772 | D:3      | Reached skill level 5 in Axes
  1842 | D:3      | Found a stormy altar of Qazlal.
  2009 | D:3      | Found a shimmering blue altar of Sif Muna.
  2270 | D:4      | Noticed Ijyb
  2280 | D:4      | Killed Ijyb
  2499 | D:4      | Noticed a lemure
  2500 | D:4      | Noticed Pikel
  2501 | D:4      | Noticed a lemure
  2501 | D:4      | Noticed a lemure
  2502 | D:4      | Noticed a lemure
  2509 | D:4      | Killed a lemure
  2515 | D:4      | Killed Pikel
  2516 | D:4      | Reached skill level 7 in Axes
  2516 | D:4      | Reached XP level 6. HP: 40/52 MP: 6/6
  2516 | D:4      | Gained mutation: You curl defensively after being hit.
                  | [Palentonga growth]
  2516 | D:4      | Reached XP level 7. HP: 44/58 MP: 7/7
  2765 | D:4      | Reached *** piety under Trog
  3599 | D:5      | Entered Level 5 of the Dungeon
  3614 | D:5      | Reached skill level 8 in Axes
  3707 | D:5      | Reached XP level 8. HP: 65/65 MP: 8/8
  3853 | D:5      | Reached skill level 9 in Axes
  4309 | D:6      | Reached skill level 5 in Fighting
  4364 | D:6      | Reached skill level 10 in Axes
  4375 | D:6      | Found a hazy altar of Hepliaklqana.
  4436 | D:6      | Reached XP level 9. HP: 72/72 MP: 9/9
  4635 | D:6      | Reached **** piety under Trog
  4795 | D:6      | Found a sacrificial altar of Ru.
  5254 | D:7      | Reached skill level 11 in Axes
  5378 | D:7      | Found a staircase to the Ecumenical Temple.
  6304 | D:8      | Identified the +6 spear "Igalink" {spect, rElec rPois}
  6305 | D:8      | hmm
  6365 | D:8      | Reached skill level 12 in Axes
  6482 | D:8      | Noticed Grum
  6500 | D:8      | Killed Grum
  6501 | D:8      | Reached XP level 10. HP: 69/81 MP: 10/10
  6908 | D:9      | Noticed Psyche
  6912 | D:9      | Killed Psyche
  6923 | D:9      | Reached ***** piety under Trog
  7104 | D:9      | Reached skill level 5 in Armour
  7440 | D:9      | Found a basalt altar of Yredelemnul.
  7440 | D:9      | Found a sparkling altar of Nemelex Xobeh.
  7441 | D:9      | Found a broken altar of Ashenzari.
  7441 | D:9      | Found an iron altar of Okawaru.
  7444 | D:9      | Found an ancient bone altar of Kikubaaqudgha.
  7522 | D:10     | Entered Level 10 of the Dungeon
  7536 | D:10     | Reached skill level 13 in Axes
  8235 | D:10     | Noticed a two-headed ogre
  8246 | D:10     | Killed a two-headed ogre
  8855 | D:10     | Identified the +11 quarterstaff of Rotation {speed, Str+2}
  8856 | D:10     | wo
  8923 | D:11     | Found a staircase to the Orcish Mines.
  9075 | D:11     | Noticed a manticore
  9083 | D:11     | Reached skill level 14 in Axes
  9087 | D:11     | Killed a manticore
  9088 | D:11     | Reached XP level 11. HP: 15/88 MP: 11/11
  9516 | D:11     | Found a staircase to the Lair.
  9519 | D:11     | Found Wumi's Armour Boutique.
 10226 | Lair:1   | Entered Level 1 of the Lair of Beasts
 10257 | Lair:1   | Reached skill level 1 in Evocations
 10707 | Lair:1   | Reached skill level 15 in Axes
 12312 | Lair:2   | Reached XP level 12. HP: 99/99 MP: 12/12
 12492 | Lair:2   | Reached skill level 16 in Axes
 12716 | Lair:2   | Noticed a six-headed hydra
 12722 | Lair:2   | Killed a three-headed hydra
 14321 | Lair:3   | Found a hole to the Spider Nest.
 14612 | D:11     | Bought a +2 plate armour of cold resistance for 520 gold
                  | pieces
 15092 | Lair:4   | Noticed Nessos
 15100 | Lair:4   | Killed Nessos
 15759 | Lair:4   | Found a staircase to the Swamp.
 16473 | Lair:5   | Noticed a death yak
 16473 | Lair:5   | Noticed a death yak
 16474 | Lair:5   | Noticed a death yak
 16474 | Lair:5   | Noticed a death yak
 16474 | Lair:5   | Noticed a death yak
 16474 | Lair:5   | Noticed a death yak
 16483 | Lair:5   | Found a gate leading to a gauntlet.
 16490 | Gauntlet | Entered a Gauntlet
 16490 | Gauntlet | Found a transporter.
 16490 | Gauntlet | Found a transporter.
 16503 | Gauntlet | Found a transporter.
 16507 | Gauntlet | Found a transporter.
 16509 | Gauntlet | Found a transporter.
 16509 | Gauntlet | Found a transporter.
 16524 | Gauntlet | Found a transporter.
 16527 | Gauntlet | Found a transporter.
 16528 | Gauntlet | Found a transporter.
 16528 | Gauntlet | Found a transporter.
 16538 | Gauntlet | Found a transporter.
 16538 | Gauntlet | Found the ring of the Hare {EV+8}
 16539 | Gauntlet | Found a transporter.
 16733 | Gauntlet | Identified the +8 long sword "Vuthom" {vorpal, SInv} (Trog
                  | gifted it to you in a Gauntlet)
 16733 | Gauntlet | Received a gift from Trog
 16751 | Gauntlet | Identified the ring of Erchew {Fire *Slow +Blink rN+++
                  | Dex-2}
 16898 | Gauntlet | Noticed a minotaur
 16913 | Gauntlet | Killed a minotaur
 16914 | Gauntlet | Reached XP level 13. HP: 108/108 MP: 13/13
 17165 | Lair:5   | Reached skill level 17 in Axes
 17394 | Lair:5   | Reached skill level 10 in Fighting
 17754 | Lair:6   | Entered Level 6 of the Lair of Beasts
 18014 | Lair:6   | Received a gift from Trog
 18022 | Lair:6   | yes
 18022 | Lair:6   | YES
 18144 | Lair:6   | AXE
 18146 | Lair:6   | E
 18146 | Lair:6   | AXE
 18146 | Lair:6   | AXE
 18233 | Lair:6   | DEATH
 18321 | Lair:6   | Reached skill level 18 in Axes
 18336 | Lair:6   | Reached skill level 1 in Shields
 18905 | Lair:6   | Identified a scroll of acquirement
 19331 | Lair:6   | Found a viscous altar of Jiyva.
 19331 | Lair:6   | Found a staircase to the Slime Pits.
 19356 | Lair:6   | Reached XP level 14. HP: 118/118 MP: 14/14
 19864 | Lair:6   | AXE
 19864 | Lair:6   | AXE
 19872 | Lair:6   | Acquired the amulet "Umudghek" {Spirit rPois Dex+2}
 20854 | D:12     | Reached skill level 19 in Axes
 20854 | D:12     | owned
 21555 | D:13     | Received a gift from Trog
 21706 | D:13     | oh
 21706 | D:13     | OH
 21706 | D:13     | AXE
 21706 | D:13     | AXE
 21706 | D:13     | XE
 21706 | D:13     | AXE
 21706 | D:13     | Reached XP level 15. HP: 127/127 MP: 15/15
 21707 | D:13     | Reached skill level 20 in Axes
 21707 | D:13     | Reached XP level 16. HP: 134/134 MP: 16/16
 21841 | D:13     | Found a gate to the Vaults.
 21858 | D:13     | You fall into a shaft and drop 2 floors!
 21858 | D:15     | Entered Level 15 of the Dungeon
 21915 | D:15     | Cast into level 2 of the Abyss (a wizard)
 21916 | Abyss:2  | boooooooooooooo
 22072 | D:15     | Escaped the Abyss
 22532 | D:15     | Found a hazy altar of Hepliaklqana.
 22712 | D:15     | Reached skill level 21 in Axes
 22881 | D:15     | Paralysed by an orc sorcerer for 6 turns
 22966 | D:15     | Found a staircase to the Depths.
 23139 | Depths:1 | Entered Level 1 of the Depths
 23197 | Depths:1 | Noticed a sphinx
 23822 | D:15     | Reached skill level 10 in Armour
 24318 | Depths:1 | Paralysed by a sphinx for 6 turns
 24333 | Depths:1 | Killed a sphinx
 24333 | Depths:1 | Received a gift from Trog
 24457 | Depths:1 | Noticed a golden dragon
 25370 | D:14     | Noticed Snorg
 26035 | D:13     | Reached skill level 22 in Axes
 26427 | D:14     | Killed Snorg
 26564 | D:14     | Found a glowing golden altar of the Shining One.
 26760 | D:14     | Reached XP level 17. HP: 110/142 MP: 12/17
 26761 | D:14     | Identified the ring "Viotoa" {rPois rC+ Int+5}
 26763 | D:14     | oh
 27121 | D:15     | Found a shimmering blue altar of Sif Muna.
 27379 | Orc:1    | Entered Level 1 of the Orcish Mines
 27406 | Orc:1    | Found Boadwuom's Assorted Antiques.
 27422 | Orc:1    | Bought a scroll labelled CEADID TASCHERU for 24 gold pieces
 27600 | Orc:1    | Noticed Harold
 27608 | Orc:1    | Killed Harold
 27915 | Orc:1    | AXE
 27929 | Orc:2    | Entered Level 2 of the Orcish Mines
 27930 | Orc:2    | Found Iclacyfo's Jewellery Shoppe.
 27930 | Orc:2    | Found Vockiz's Antique Weapon Emporium.
 27930 | Orc:2    | Noticed Maurice
 27931 | Orc:2    | poh
 27951 | Orc:2    | Killed Maurice
 27975 | Orc:2    | Received a gift from Trog
 27980 | Orc:2    | lol
 28042 | Orc:2    | Found Gireyff's Book Emporium.
 28063 | Orc:2    | HP: 7/216 [orc knight (22)]
 28085 | Orc:2    | lol
 28215 | Orc:2    | Found Qutiz's Magic Scroll Emporium.
 28223 | Orc:2    | Found Xeolass's Book Boutique.
 28238 | Orc:2    | Bought a scroll of fear for 52 gold pieces
 28238 | Orc:2    | Bought a scroll of teleportation for 45 gold pieces
 28238 | Orc:2    | Bought a scroll of blinking for 112 gold pieces
 28263 | Orc:2    | Found Plog's Antique Armour Shoppe.
 28313 | Orc:2    | Found Fuluez's Antique Armour Shop.
 28320 | Orc:2    | Found Ysempoq's Jewellery Boutique.
 28322 | Orc:2    | Bought a runed helmet for 262 gold pieces
 28363 | Orc:2    | Found a staircase to the Elven Halls.
 28405 | Orc:2    | Found Vug Gigh's General Store.
 28970 | Orc:2    | Bought a scroll of enchant weapon for 97 gold pieces
 29017 | Orc:2    | Bought an arbalest for 99 gold pieces
 29034 | Orc:2    | Bought a scroll of identify for 30 gold pieces
 29034 | Orc:2    | Bought a scroll of identify for 30 gold pieces
 29034 | Orc:2    | Bought a scroll of enchant weapon for 112 gold pieces
 29091 | Orc:1    | Bought a scroll of teleportation for 72 gold pieces
 29224 | Swamp:1  | Entered Level 1 of the Swamp
 29232 | Swamp:1  | Reached skill level 1 in Crossbows
 29466 | Swamp:1  | Noticed Nikola
 29999 | Spider:1 | Entered Level 1 of the Spider Nest
 30334 | Spider:1 | Received a gift from Trog
 30688 | Spider:1 | Reached skill level 23 in Axes
 31696 | Spider:2 | Noticed Donald
 31700 | Spider:2 | sup
 31703 | Spider:2 | Killed Donald
 32026 | Spider:2 | Received a gift from Trog
 33654 | Spider:4 | Entered Level 4 of the Spider Nest
 33667 | Spider:4 | Reached XP level 18. HP: 153/153 MP: 15/18
 34222 | Spider:4 | Identified the +7 battleaxe of Punishment {vorpal, *Noise
                  | rC+ Will++ Stlth+} (Trog gifted it to you on level 4 of the
                  | Spider Nest)
 34222 | Spider:4 | Received a gift from Trog
 34260 | Spider:4 | metal
 34872 | Spider:4 | Noticed Arachne
 35437 | Spider:4 | Killed Arachne
 35889 | Spider:4 | Reached skill level 24 in Axes
 35947 | Spider:4 | Reached skill level 5 in Crossbows
 35951 | Spider:4 | lol
 36143 | Spider:4 | Got a gossamer rune of Zot
 36456 | Vaults:1 | Entered Level 1 of the Vaults
 36949 | Vaults:1 | Noticed Saint Roka
 36984 | Vaults:1 | Received a gift from Trog
 37592 | Vaults:1 | Killed Saint Roka
 38166 | Vaults:1 | Reached ****** piety under Trog
 38832 | Vaults:2 | Identified the +8 battleaxe of Insufficient Pleasure
                  | {vorpal, rF++ rC- SInv} (Trog gifted it to you on level 2
                  | of the Vaults)
 38832 | Vaults:2 | Received a gift from Trog
 38833 | Vaults:2 | Reached XP level 19. HP: 25/164 MP: 2/19
 38836 | Vaults:2 | HP: 9/246 [vault warden (17)]
 38837 | Vaults:2 | Slain by an orc knight

Illustrated notes ##......### ..(.......# #.#......# #.#......# ###.#....#.# #......###.# #......###.### #............#### #))........@....# #.)....###.#.##.# ######)###.#.##.#.# # .......)..###.#.#.# .........## ##..#.# ###.##.#))###.#.#.# #. #..........#.##.# # #............>..# #..........##### Turn 6305 on D:8: hmm #..# #..# #..# #..# #..# #..# #..# #..# #..#####..# #..# #..# ..........# #..########..##### ..........######................. ########......................... #....................##### #..######...>........# #..# #@...........# #..# #............# #..# #(...........# ########..######............##### ................................. ................................. #####..########..####..#########. #..# #..# #..# #. #..# #..# #..# #. Turn 8856 on D:10: wo ##..###....## .####†...P..## ÷............### ..##.†.....÷..P# ########.P.....♣## # #####.....# ###...## #..†.# ##.@.# #...# ##..# ##.# #.# .YYY.§..# ....÷...♣ ..###.... ...P. Turn 18022 on Lair:6: yes ###.......########.P.....♣## ##.÷...## ###!#####.....# ##....# ##)$.....###...## #.P.## ##$$.8÷.8...#..†.# #... ##)).......8.##.).# ##.. #[)...÷8.#..÷.#...# #[.8..8.# #...##..# #..÷..## #....##.# #.8..@.###.....#.# ##...8........÷..# ###..÷......÷...♣ ###.÷...###....# #######....P..# ..##♣.### P..# ### ..# ## Turn 18144 on Lair:6: AXE ..P.♣.......÷............### ##............##.†.....÷..P# ####.......########.P.....♣## ##.÷...## ###!#####.....# ##....# ##)$.....###...## #.P.## ##$$.8÷.8...#..†.# #... ##)).......8.##.).# ##.. #[)...÷8.#..÷.#...# #[.8@.8.# #...##..# ##..÷..## #....##.# #.8....###.....#.# ##...8........÷..# ###..÷......÷...♣ ###.÷...###....# #######....P..# ..##♣.### P..# ### Turn 18146 on Lair:6: E ##)).......8.##.).# #[....÷8.#..÷.#...# #[.8..8.###...##..# ##..÷..## #....##.# #.8....###.....#.# ##...8...........# ###..÷..........♣# ###.÷...###....## #######.@..P..# .h.....##♣.### ...P..# ### #.P..# ##### Turn 18233 on Lair:6: DEATH #.................#.# #..................## ##.................### #...##P..............# #..#.###............### .....# #..........##..# ....####...##...P###### #....#.##.###...P## ###...##....##P.@P# .###..#########P.## ...##..###....#### ....####†...P..## ................### .....##.†.....÷..P# ...########.P.....♣## ..## ###.#####.....# ..# ##)......###...## Turn 19864 on Lair:6: AXE ### #.#.###.# #.#.# #.# #.#.# #.# #.#.# #.# #.#.###(# #.#.#..°#######. #.#.#.##○....... #.#.....○....... #......#@####### ########.# #.# #.# #.# #.# #.# #.# Turn 20854 on D:12: owned #'# #.# ## #.# .# #.# .# ####'## .### #.....# +..#####.....### . .#.....'.....'.#####.... .#######.....#<.@....... ## #.....#######.... # #.....# : # ###'### # #.# # #.# #'# # # Turn 21706 on D:13: oh ... ... #.. #.# #.# #.# #.# #@# ........# #.....### .....# .##.. #. # Turn 21916 on Abyss:2: boooooooooooooo ######################## .......................# ..........>............# .(............<........# ...................)..)# ................@..$...# .......................# .......................# .......................# .......................# .......................# .......................# ######################## Turn 26763 on D:14: oh ...#...........#.#....# ###.## #.#.........#..#.#...## ##.#.## ###...............#.## #.....# ##..............### ##...## ##..#......##.## #....# ##........#.### ##..## #...#.)......## #### ##.....)#÷.....## ##.......#.##..@.# ##.#.#...)...###.## #.....)#..#.## ### #..).......## #......#...# .......##..## #.....###...# #.....# ##.## .....## ### Turn 27915 on Orc:1: AXE ..##... .. .#.... .#∩ #....# .$..#....## ....#.....# . ........# ... #....# .#...#..<.## .@.....@...# ..........## ......$..## ........## ...P....# ....P..## oo..... o...... Turn 27931 on Orc:2: poh ..............#.# ...........#....## .................. ...................##... #..................#.... ....<$.........#∩.#....# .$.....<.......$..#....## .........)........#.....# ......$...@...$.........# .........))......##....# .........)))..#...#..<.## ..........).............# .....$......).)........## ....#..............$..## ........^.).........## .............P...O# .......P......P..## Turn 27980 on Orc:2: lol .......... .$P. .P.............. ..........#.....8 .................. .....8.P..............P.. ...∩....P#............... ........).#.............. P..P...)).............#.. P......)@)............... ......)..)............... ...........#............. ..$..$.........<......... ............$.....<...... ..........#.........).... ##...................)... ...................))... .........#.........))).. Turn 28085 on Orc:2: lol .# .... #..# ##. ... ^..[ #..#..# #.... ..#.. ... ### #...# ... #.####..^ #@##^......# ...###.(.....#.## ###### #.^...@..#...#.###.##.. ###.....##..##...#.<††. #..#.<....##.#...)..†. #....#...####..#.#..#.. ##......#. #.........^ ...s#s.#..# ##......### .....###... ###.#^.^. ^...# .... ##.#.#. ... .##.. .####?. Turn 31700 on Spider:2: sup

,,,,..s........†..........#
,,,.......#....^....†....##
,,........#...........^.##
,.....§....^.^.........†.##
.........[.^..............#
...........^........^.....#
.^..................#.....#
*#..................#....##
#^...........^.@†..##.#.##
##^......<...........###..#
#........#................#
.........#................#
.......^###............^<.#
.......#####........<.....#
.........##...............#
....^.....................#
^..................#..#^..#


Turn 34260 on Spider:4: metal ####..≈...**,,***#.... ###^....s≈≈.,,,^,,,####.
#^.††#**,,,≈≈≈≈≈≈≈,,,,#. #.≈†.#,≈,,,≈≈,,≈≈≈≈≈,,#. #....###,≈,^≈≈≈,,,,,,##≈
#.≈....#####,,,,≈,####≈≈ ##.^...^.).########≈≈≈≈. ##..≈.≈≈^^...≈..≈......
##^..@..†^†.......≈≈.# #########≈.####..#### #### #### # ######### ##^.....^.
######......... #### #.#.##^........ ######..# #..^#.......... #...#^..## ###
#.............. Turn 35951 on Spider:4: lol

Levels and vault maps discovered:
D:1:      lemuel_arrival_hallway, layout_loops_ring,
          shapermc_ecumenical_altar_mp_vishouse
D:2:      layout_basic
D:3:      layout_rooms, mainiacjoe_overflow_six_doors_small,
          mainiacjoe_overflow_paths, serial_shops,
          nicolae_shop_temple_entry_statues_fountains, minmay_crystal_water
D:4:      layout_gridville, uniq_ijyb, uniq_pikel
D:5:      layout_rooms
D:6:      layout_basic, nicolae_overflow_crystal_walls,
          nicolae_ru_sacrificial_ziggurat
D:7:      layout_loops_ring, minmay_temple_entry_waves
D:8:      layout_loops_ring, uniq_grum
D:9:      layout_rooms, minitemple, uniq_psyche
D:10:     layout_small_grid
D:11:     layout_stronghold, lair_entry_dummy, orc_0_dummy, serial_shops,
          nicolae_shop_waterfront
D:12:     layout_basic
D:13:     layout_roguey, erik_vaults_1, minmay_misc_feat_roman,
          kennysheep_small_circle
D:14:     layout_cross, lemuel_doored_altar, uniq_snorg
D:15:     grunt_enter_depths_magical_seal, layout_loops_ring,
          lemuel_coloured_pillars_altar, nicolae_hepliaklqana_hippocampus
Lair:1:   layout_gridlike, lemuel_fruit_tree, lemuel_fruit_fields
Lair:2:   layout_hall_layers, evilmike_ambush [evilmike_ambush_outer_basic,
          evilmike_ambush_inner_basic], infiniplex_staircase_pool,
          grunt_megastairs_4
Lair:3:   layout_cave_pods, nicolae_spider_entry_orb_guardian,
          grunt_megastairs_3
Lair:4:   layout_hall_layers, minmay_swamp_entry_reptiles, uniq_nessos
Lair:5:   layout_hall_layers, gauntlet_entry_generic
Lair:6:   grunt_lair_end_beastmaster, layout_layer_cave,
          dpeg_slime_entry_enclosed_altar
Swamp:1:  layout_falls_marsh, gammafunk_ghost_grave, hangedman_swamp_diagram,
          infiniplex_staircase_pool_2, uniq_nikola
Spider:1: layout_spider_delve, beargit_elvish_explorers
Spider:2: layout_spider_delve, uniq_donald
Spider:3: layout_spider_delve, nicolae_crawler_farm
Spider:4: grunt_spider_rune_circles, uniq_arachne
Orc:1:    layout_caves, serial_shops, nicolae_shop_window_shopping, uniq_harold
Orc:2:    grunt_orc_gardens, layout_caves, grunt_orc_garden, grunt_orc_garden,
          grunt_orc_garden, grunt_orc_garden, serial_shops, shop, shop, shop,
          shop_fountains, shop, uniq_maurice
Vaults:1: nicolae_vaults_triangles, hangedman_vaults_impose,
          nicolae_vaults_mini_display_case, vaults_dpeg_diagonal,
          vaults_standard_mumra_x, layout_vaults_omnigrid, uniq_saint_roka
Vaults:2: gammafunk_ghost_fury_of_okawaru, v_pattern_3,
          hangedman_vaults_slither, hangedman_vaults_snaps, v_misc_12,
          minmay_crypt_entry_simple_sparse, nicolae_vaults_theta,
          ontoclasm_vaults_pinch, ontoclasm_vaults_loading_screen, st_lattice,
          v_misc_11, v_misc_12, ontoclasm_vaults_decontamination,
          layout_vaults_omnicross, serial_shops, bzr_entry_gold, uniq_sojobo
Depths:1: layout_gridlike, chequers_decorated_corner, hell_entry,
          grunt_decor_resistance, chequers_serial_rivers_small_b,
          lemuel_angel_altar, hangedman_decor_cross_pass

Skill      XL: |  1  2  3  4  5  6  7  8  9 10 11 12 13 14 15 16 17 18 |
---------------+-------------------------------------------------------+-----
Axes           | 4 7 8 10 12 14 15 16 18 19 20 22 23 24 | 24.4
Fighting       | 4 5 6 8 9 10 11 12 13 14 | 14.9
Armour         | 2 3 4 5 6 8 9 10 11 12 | 12.5
Dodging        | 2 3 |  3.8
Evocations     | 2 3 |  3.9
Shields        | 1 |  1.4
Crossbows      | 3 6 |  6.4

Action                   |  1- 3 |  4- 6 |  7- 9 | 10-12 | 13-15 | 16-18 | 19-21 || total
-------------------------+-------+-------+-------+-------+-------+-------+-------++-------
Melee: Hand axe          |    65 |    52 |   181 |       |       |       |       ||   298
       Tailslap          |     9 |     9 |    31 |    68 |    50 |   175 |       ||   342
       War axe           |       |       |    80 |   488 |   126 |       |       ||   694
       Executioner's axe |       |       |       |       |   155 |   814 |       ||   969
       Battleaxe         |       |       |       |       |       |   365 |     4 ||   369
 Fire: Hand crossbow     |       |       |       |       |     9 |     6 |       ||    15
       Arbalest          |       |       |       |       |       |    27 |       ||    27
Invok: Berserk           |     4 |     3 |    16 |    24 |     8 |    45 |       ||   100
       Trog's Hand       |       |       |       |     4 |     1 |     7 |       ||    12
       Brothers in Arms  |       |       |       |       |       |     1 |       ||     1
 Abil: Rolling Charge    |       |       |     1 |     9 |     3 |    25 |       ||    38
Evoke: Wand              |       |       |     1 |    39 |     1 |    12 |       ||    53
  Use: Scroll            |     3 |     2 |     6 |    14 |     9 |    17 |       ||    51
       Potion            |       |       |       |       |     2 |     7 |       ||     9
 Stab: Paralysed         |       |       |       |     1 |       |     7 |       ||     8
       Petrified         |       |       |       |       |     7 |       |       ||     7
Armor: Animal skin       |     4 |       |       |       |       |       |       ||     4
       Leather armour    |    27 |    16 |       |       |       |       |       ||    43
       Chain mail        |       |    19 |   168 |    17 |       |       |       ||   204
       Plate armour      |       |       |       |   339 |   233 |  1311 |       ||  1883
Dodge: Dodged            |    23 |    18 |    79 |   110 |    47 |   273 |       ||   550
Block: Other             |       |       |       |       |    36 |       |       ||    36

Table legend: (Time is in decaauts)
 A = Elapsed time spent in this place.
 B = Non-inter-level travel time spent in this place.
 C = Inter-level travel time spent in this place.
 D = Time resting spent in this place.
 E = Time spent auto-exploring this place.
 F = Levels seen in this place.
 G = Mean time per level.
                   A        B        C        D        E       F      G
               +--------+--------+--------+--------+--------+-----+--------+
         Total |  39307 |  37274 |   2033 |  10080 |  20839 |  34 | 1156.1 |
       Dungeon |  17588 |  16510 |   1078 |   3823 |  10548 |  15 | 1172.5 |
          Lair |  10149 |   9536 |    613 |   2964 |   5403 |   6 | 1691.5 |
         Swamp |    301 |    301 |      0 |    184 |     16 |   1 |  301.0 |
   Spider Nest |   6071 |   5926 |    145 |   1936 |   2741 |   4 | 1517.8 |
  Orcish Mines |   1728 |   1592 |    136 |     22 |   1144 |   2 |  864.0 |
        Vaults |   2347 |   2289 |     58 |    853 |    986 |   2 | 1173.5 |
        Depths |    308 |    308 |      0 |     62 |      0 |   1 |  308.0 |
         Abyss |    163 |    163 |      0 |      5 |      0 |   2 |   81.5 |
      Gauntlet |    648 |    648 |      0 |    229 |      0 |   1 |  648.0 |
               +--------+--------+--------+--------+--------+-----+--------+

Top non-repeatable levels by time:
    D:15: 3158 daAuts
  Lair:4: 2323 daAuts
Vaults:1: 2305 daAuts
Spider:4: 2268 daAuts
  Lair:6: 2148 daAuts
  Lair:3: 1806 daAuts
  Lair:1: 1749 daAuts
    D:11: 1503 daAuts
    D:12: 1465 daAuts
    D:13: 1459 daAuts
  Lair:2: 1432 daAuts
    D:10: 1398 daAuts
     D:4: 1387 daAuts
Spider:2: 1385 daAuts
Spider:1: 1379 daAuts
